 Dungeon Crawl Stone Soup version 0.31-a0-654-gbe3e110b4e (console) character file.

Game seed: 9441448979619440753

16 petzl the Sneak (level 2, 0/24 HPs)
             Began as a Formicid Delver on Aug 29, 2023.
             Slain by a kobold brigand
             ... wielding a +0 club
              (3 damage)
             ... in a sewer.
             The game lasted 00:06:40 (583 turns).

petzl the Sneak (Formicid Delver)                    Turns: 583, Time: 00:06:41

Health: 0/24       AC:  3    Str: 16    XL:     2   Next: 70%
Magic:  2/2        EV: 12    Int:  9    God:
Gold:   0          SH:  0    Dex: 15    Spells: 1/1 levels left

rFire   . . .        a - +0 mace
rCold   . . .        (no shield)
rNeg    . . .        b - +0 leather armour
rPois   .            (helmet unavailable)
rElec   .            (no cloak)
rCorr   .            (no gloves)
SInv    +            (no boots)
Will    .....        (no amulet)
Stlth   +++          (no ring)
HPRegen 0.24/turn    (no ring)
MPRegen 0.08/turn

%: no passive effects
@: no status effects
A: permanent stasis, dig shafts and tunnels, antennae 3, four strong arms
a: Dig


You were in a sewer.
You visited 1 branch of the dungeon, and saw 2 of its levels.
You also visited: Sewer.

Inventory:

Hand Weapons
 a - a +0 mace (weapon)
Armour
 b - a +0 leather armour (worn)
Wands
 f - a wand of digging (3)
Scrolls
 c - a scroll of fog
 d - a scroll of revelation


   Skills:
 - Level 3.5 Fighting
 - Level 2.3 Maces & Flails
 - Level 2.1 Dodging
 - Level 6.2 Stealth
 + Level 0.0 Spellcasting


You had one spell level left.
You didn't know any spells.
Your spell library was empty.

Dungeon Overview and Level Annotations

Branches:
Dungeon (6/15)              Sewer (1/1)
 Temple: D:4-7

Altars:

Annotations:
D:5 exclusions: adder, ogre and orc


Innate Abilities, Weirdness & Mutations

You cannot be hasted, slowed, berserked, paralysed or teleported.
You can dig through walls and to a lower floor.
You have a pair of large antennae on your head. (SInv)
Your four strong arms can wield two-handed weapons with a shield.


Message History

Unknown command.
Unknown command.
Unknown command.
Unknown command.
Unknown command.
The kobold barely misses you.
Unknown command.
The kobold attacks as it pursues you!
The kobold splashes around in the water.
You hit the kobold.
The kobold is moderately wounded.
You closely miss the kobold brigand.
The kobold brigand is lightly wounded.
The kobold hits you with a +0 dagger.
The kobold brigand splashes around in the water.
You hit the kobold brigand.
The kobold brigand is moderately wounded.
The kobold brigand looks more healthy.
The kobold hits you but does no damage.
The kobold brigand hits you with a +0 club.
You hit the kobold brigand but do no damage.
The kobold brigand is heavily wounded.
The kobold completely misses you. The kobold brigand closely misses you.
The kobold hits you with a +0 dagger.
* * * LOW HITPOINT WARNING * * *
You closely miss the kobold brigand.
The kobold brigand is heavily wounded.
The kobold brigand hits you with a +0 club.
* * * LOW HITPOINT WARNING * * *
The kobold misses you.
You hit the kobold brigand.
The kobold brigand is heavily wounded.
The kobold brigand splashes around in the water.
The kobold completely misses you.
The kobold brigand hits you with a +0 club.
* * * LOW HITPOINT WARNING * * *
You hit the kobold brigand but do no damage.
The kobold brigand is heavily wounded.
The kobold misses you.
The kobold brigand hits you with a +0 club.
You die...

############
≈≈≈≈≈≈≈≈≈≈
≈≈≈≈≈≈≈≈
#######
#..#..#
#.....# ≈#
##...## #≈#
#.....# ≈#≈#
#...(.#
#≈#≈####'###
≈≈≈≈≈≈≈~(..#
≈≈≈≈≈≈≈~...##
≈≈≈≈≈≈≈K....#
≈≈≈≈≈≈≈@K...#
≈≈≈≈≈≈≈....##
≈≈≈≈≈≈≈~...#
≈≈≈≈≈≈≈~...##
~≈≈≈≈≈≈~....##
~≈≈≈≈≈~......#
.≈≈≈≈≈~......#
~≈≈≈≈≈~......#
≈≈≈≈~......##
.≈≈≈~~.....#
.≈≈≈......##
~≈≈.~.....####
.≈≈......###∩#
~≈≈......###.#
~~≈~....†.#..#
.≈~~....†...##
~≈≈........##
.≈≈.......##
.≈≈≈~.....##


You could see a kobold brigand and a kobold.

Vanquished Creatures
  A river rat (Sewer)
  10 rats (Sewer)
11 creatures vanquished.

Notes
Turn   | Place    | Note
-------+----------+-------------------------------------------
     0 | D:5      | petzl the Formicid Delver began the quest for the Orb.
     0 | D:5      | Reached XP level 1. HP: 18/18 MP: 1/1
    28 | D:5      | Noticed an ogre
   238 | D:5      | Found a glowing drain.
   243 | D:5      | Noticed an orc wizard
   247 | Sewer    | Entered a sewer
   413 | Sewer    | Reached XP level 2. HP: 24/24 MP: 2/2
   536 | Sewer    | Noticed a kobold brigand
   583 | Sewer    | Slain by a kobold brigand

Illustrated notes

Levels and vault maps discovered:
D:5:      layout_basic, cheibrodos_sewer_entry_drain, chequers_arboretum,
          grunt_decor_resistance, eino_small_chamber_without_monster,
          nicolae_nh_ransacked_shop, uniq_eustachio, uniq_edmund,
          uniq_prince_ribbit1, uniq_menkaure
D:6:      layout_layer_cave, nicolae_overflow_hidden_temple, serial_shops,
          nicolae_shop_tiny_real_fake_doors
Sewer:    sewer_minmay_treatment

Skill      XL: |  1  2 |
---------------+-------+-----
Dodging        | 2 |  2.1
Fighting       | |  3.5
Maces & Flails | |  2.3
Stealth        | |  6.2

Action                     || total
---------------------------++-------
  Melee: Mace              ||    35
  Throw: Dart              ||     8
Ability: Dig               ||     1
    Use: Scroll            ||     1
         Potion            ||     1
 Armour: Leather armour    ||     6
  Dodge: Dodged            ||    38

Table legend: (Time is in decaauts)
 A = Elapsed time spent in this place.
 B = Non-inter-level travel time spent in this place.
 C = Inter-level travel time spent in this place.
 D = Time resting spent in this place.
 E = Time spent auto-exploring this place.
 F = Levels seen in this place.
 G = Mean time per level.
                   A        B        C        D        E       F      G
               +--------+--------+--------+--------+--------+-----+--------+
         Total |    594 |    575 |     19 |     69 |     71 |   3 |  198.0 |
       Dungeon |    248 |    229 |     19 |      0 |     71 |   2 |  124.0 |
         Sewer |    345 |    345 |      0 |     69 |      0 |   1 |  345.0 |
               +--------+--------+--------+--------+--------+-----+--------+

Top non-repeatable levels by time:
   Sewer: 345 daAuts
     D:5: 246 daAuts
     D:6: 1 daAuts
